AoeStats
← Dickus Giganticus

African Clearing

510717237Analyzed
4v4 RM · 2d ago on Oct 2, 2026· 26m 17s· 8 players
Game mode
Random Map
Map size
Large (8 player)
Population
200
Speed
Normal
Resources
Standard
Victory
Conquest
Starting age
Dark Age
Ending age
Imperial Age
RankedLock teamsTeams togetherTeam positionsShared explorationLock speedFull tech treeHidden civsTurbo modeCheats
Victory
Defeat
🇨🇳 Vikings · China
1257
+15
🇨🇳 Chinese · China
1235
+16
🇵🇰 Spanish · Pakistan
1181
+18
🇪🇸 Franks · Spain
1169
+20
🇦🇺 Romans · Australia
1277
-18
🇹🇷 Gurjaras · Türkiye
1273
-19
🇹🇷 Huns · Türkiye
1225
-17
🇭🇰 Goths · Hong Kong SAR China
1176
-15
axjhbl90
3:03 Loom
13:14 Feudal Age
14:38 Wheelbarrow
14:06 Double-Bit Axe
16:41 Forging
16:37 Scale Barding Armor
19:32 Bloodlines
21:46 Castle Age
21:50 Light Cavalry
23:49 Hand Cart
封不觉
4:56 Loom
5:05 Loom
13:27 Feudal Age
13:57 Double-Bit Axe
19:03 Castle Age
17:20 Stone Mining
22:49 Scale Mail Armor
23:37 Forging
khamz
5:48 Loom
12:50 Feudal Age
13:39 Double-Bit Axe
15:37 Stone Mining
17:50 Castle Age
16:44 Horse Collar
17:25 Fletching
20:05 Bodkin Arrow
Ace
6:00 Loom
14:50 Feudal Age
16:27 Double-Bit Axe
17:25 Man-at-Arms
24:35 Castle Age
23:15 Gold Mining
24:05 Stone Mining
Arfah
6:41 Loom
13:16 Feudal Age
15:24 Double-Bit Axe
15:59 Man-at-Arms
20:45 Scale Mail Armor
Milkus Dilkus
17:43 Feudal Age
21:56 Fishing Lines
23:09 Horse Collar
25:42 Castle Age
23:42 Horse Collar
24:14 Double-Bit Axe
25:51 Forging
26:39 Scale Barding Armor
Dickus Giganticus
17:17 Loom
19:50 Feudal Age
21:58 Man-at-Arms
Rin
13:26 Feudal Age
15:56 Double-Bit Axe
16:50 Forging
16:46 Scale Barding Armor
19:10 Man-at-Arms
19:36 Arson
20:53 Scale Mail Armor
22:43 Fishing Lines
26:17 Castle Age
Connection lost

Rejoining the realm…

Still unreachable

The connection could not be restored.

Session expired

The server has moved on; the page needs a fresh start.